 Dungeon Crawl Stone Soup version 0.28-a0-1159-g27aa881441 (webtiles) character file.

Game seed: 14262695956554483592

7629 ChaosChampion the Thaumaturge (level 10, 0/50 HPs)
             Began as a Deep Elf Conjurer on Dec 15, 2021.
             Was a Believer of Vehumet.
             Hit by a boomerang thrown by an orc warrior (14 damage)
             ... on level 10 of the Dungeon.
             The game lasted 00:26:26 (13297 turns).

ChaosChampion the Thaumaturge (Deep Elf Conjurer)  Turns: 13297, Time: 00:26:27

Health: 0/50       AC:  8    Str:  8    XL:     10   Next: 98%
Magic:  26/39      EV: 10    Int: 31    God:    Vehumet [**....]
Gold:   553        SH: 11    Dex: 13    Spells: 27/38 levels left

rFire   . . .      SeeInvis .   w - staff of conjuration
rCold   . . .      Faith    .   A - +2 kite shield {AC+3}
rNeg    + . .      Spirit   .   a - +1 robe
rPois   +          Reflect  .   (no helmet)
rElec   .          Harm     .   i - +1 cloak {rPois}
rCorr   .          Rampage  .   (no gloves)
Will    +....                   (no boots)
Stlth   ++........              t - amulet of regeneration
HPRegen 0.96/turn               c - ring of positive energy
MPRegen 0.26/turn               p - ring "Acyajuisk" {rPois MP+9 Str+4 Int+3}

@: studying Shields
A: no striking features
a: Renounce Religion


You were on level 10 of the Dungeon.
You worshipped Vehumet.
Vehumet was pleased with you.
You visited 1 branch of the dungeon, and saw 10 of its levels.
You also visited: Sewer and Bailey.

You collected 553 gold pieces.

Inventory:

Hand Weapons
 y - the +11 spear "Umodips" {vorpal, Drain rPois rN+ SInv}
   (You found it on level 8 of the Dungeon)

   It inflicts extra damage upon your enemies.
   rPois:     It protects you from poison.
   rN:        It protects you from negative energy.
   SInv:      It lets you see invisible.
   Drain:     It drains your maximum health when unequipped.
Missiles
 h - 33 poisoned darts (quivered)
 j - 2 throwing nets
Armour
 a - a +1 robe (worn)
 g - the +0 pair of gloves "Net Ygolu" {+Inv rC- Str+9 Dex+2}
   (You found it on level 4 of the Dungeon)

   Str:       It affects your strength (+9).
   Dex:       It affects your dexterity (+2).
   rC:        It makes you vulnerable to cold.
   +Inv:      It lets you turn invisible.
 i - a +1 cloak of poison resistance (worn)
 A - a +2 kite shield of protection (worn)
Magical Staves
 w - a staff of conjuration (weapon)
Jewellery
 c - a ring of positive energy (left hand)
 p - the ring "Acyajuisk" (right hand) {rPois MP+9 Str+4 Int+3}
   (You acquired it in a bailey)

   [ring of magical power]

   Str:       It affects your strength (+4).
   Int:       It affects your intelligence (+3).
   rPois:     It protects you from poison.
   MP:        It affects your magic capacity (+9).
 t - an amulet of regeneration (around neck)
Wands
 I - a wand of iceblast (7)
Scrolls
 b - 3 scrolls of teleportation
 k - a scroll of magic mapping {unknown}
 l - 2 scrolls of enchant armour
 o - 2 scrolls of noise {unknown}
 q - 2 scrolls of fog {unknown}
 r - a scroll of fear {unknown}
 s - 2 scrolls of amnesia {unknown}
 x - a scroll of enchant weapon
 B - 2 scrolls of brand weapon {unknown}
 C - a scroll of torment {unknown}
 D - a scroll of blinking
 F - a scroll of immolation {unknown}
 G - 2 scrolls of identify
 H - a scroll of vulnerability {unknown}
Potions
 d - a potion of degeneration {unknown}
 e - 3 potions of attraction
 f - a potion of flight
 m - 5 potions of mutation {unknown}
 n - 7 potions of curing {unknown}
 u - 2 potions of brilliance
 v - a potion of heal wounds {unknown}
 z - a potion of berserk rage
 E - 3 potions of ambrosia


   Skills:
 - Level 2.4 Dodging
 - Level 2.4 Stealth
 + Level 5.8 Shields
 + Level 14.9 Spellcasting
 + Level 12.8 Conjurations
 - Level 3.0 Translocations


You had 27 spell levels left.
You knew the following spells:

 Your Spells              Type           Power      Damage    Failure   Level
a - Magic Dart            Conj           100%       1d8       1%          1
b - Searing Ray           Conj           100%       2d8       1%          2
c - Fulminant Prism       Conj/Hex       38%        3d18      4%          4
d - Iskenderun's Mystic   Conj/Tloc      83%        2d16      2%          4

Your spell library contained the following spells:

 Spells                   Type           Power      Damage    Failure   Level
 Freeze                   Ice            92%        1d10      6%          1
 Dazzling Flash           Conj/Hex       100%       N/A       1%          3
 Gell's Gravitas          Tloc           41%        N/A       5%          3
 Lesser Beckoning         Tloc           41%        N/A       5%          3
 Teleport Other           Tloc           41%        N/A       5%          3
 Ozocubu's Armour         Ice            23%        N/A       19%         3
 Ozocubu's Refrigeration  Ice            11%        4d7       100%        7


Dungeon Overview and Level Annotations

Branches:
Dungeon (10/15)            Temple (0/1) D:7            Lair (0/6) D:9
  Sewer (visited)          Bailey (visited)
    Orc: D:9-12

Altars:
Dithmenos
Fedhas
Kikubaaqudgha
Makhleb
Ru
Trog
Vehumet
Xom
Yredelemnul
Zin
The Shining One


Message History

The orc warrior is heavily wounded. (Press . to maintain the ray.)
You hear a shout! x4
An orc warrior comes into view. It is wielding a +0 long sword.
The searing ray hits the orc warrior.
The orc warrior is severely wounded.
The orc warrior hits you from afar with a +0 halberd!
Casting: Searing Ray (safe; 1% risk of failure)
Confirm with . or Enter, or press ? or * to list all spells.
Restarting spell: Searing Ray (safe; 1% risk of failure)
Press: ? - help, Shift-Dir - straight line, f/p - orc warrior
Aim: an orc warrior, wielding a +0 halberd and wearing a +0 plate armour (severely wounded, 83% to hit)
You feel a surge of power!
The searing ray hits the orc warrior.
The orc warrior is severely wounded. (Press . to maintain the ray.)
The orc warrior hits you from afar with a +0 halberd!
An orc warrior comes into view. It is wielding a +0 mace.
The searing ray hits the orc warrior.
The orc warrior is almost dead.
The searing ray hits the orc warrior.
The orc warrior is lightly wounded.
You hear a shout!
The orc warrior hits you from afar with a +0 halberd!!
* * * LOW HITPOINT WARNING * * *
Casting: Searing Ray (safe; 1% risk of failure)
Confirm with . or Enter, or press ? or * to list all spells.
You feel a surge of power!
You erupt in a blast of force!
The mystic blast hits the orc warrior!
The orc warrior is severely wounded.
The orc warrior is knocked back by the mystic blast.
The mystic blast hits the orc warrior!!
You kill the orc warrior!
Vehumet accepts your kill.
An orc comes into view. It is wielding a +0 flail.
The orc warrior throws a boomerang.
The boomerang barely misses you.
The orc shouts!
An orc warrior comes into view. It is wielding a +0 long sword.
An orc comes into view. It is wielding a +0 whip.
The orc warrior throws a boomerang.
The boomerang hits you!
You die...

# ##### #...#### #. #...#
#.>.#...
#..##o####...########...#...
....$.oo.o.@.'......+.......
#............########.......
#...o........# #......[....
#............####....###....
.........<..................
#?..#############....###....
#... ###### #.#.# ... #.#..
#.##.


You could see 3 orc warriors and 2 orcs.

Vanquished Creatures
  The ghost of bgiannan the Cleaver, a novice HOFi of Okawaru (D:8)
  An orc knight (Bailey)
  Pikel (D:4)
  Joseph (D:9)
  Psyche (D:9)
  A troll (D:9)
  Grinder (D:4)
  A wyvern (D:8)
  5 yaks (D:9)
  Menkaure (D:7)
  A water moccasin (Sewer)
  3 ice beasts
  15 orc warriors
  An ogre (D:8)
  A centaur (D:6)
  2 lemures (D:4)
  A phantom (D:4)
  3 bullfrogs (D:8)
  A wyvern zombie (D:9)
  A wyvern skeleton (D:7)
  10 killer bees
  7 wights
  5 howler monkeys
  A centaur zombie (D:4)
  4 orc priests
  Crazy Yiuf (D:4)
  2 hounds
  2 gnoll shamans
  2 bullfrog skeletons
  Terence (D:2)
  7 orc wizards
  An iguana (D:6)
  A hound skeleton (D:4)
  2 howler monkey zombies
  Robin (D:3)
  8 gnolls
  A howler monkey skeleton (D:5)
  6 adders
  A river rat (D:6)
  2 shadow imps (D:5)
  An ufetubus (D:4)
  An adder skeleton (D:4)
  A worm (D:2)
  4 dart slugs
  42 orcs
  4 endoplasms
  4 giant cockroaches
  14 goblins
  14 hobgoblins
  6 jackals
  4 quokkas
  6 ball pythons
  5 bats
  6 frilled lizards
  11 kobolds
  6 rats
  A fulminant prism (D:6)
238 creatures vanquished.

Vanquished Creatures (others)
  25 fulminant prisms
25 creatures vanquished.

Grand Total: 263 creatures vanquished

Notes
Turn   | Place    | Note
-------+----------+-------------------------------------------
     0 | D:1      | ChaosChampion the Deep Elf Conjurer began the quest for the
                  | Orb.
     0 | D:1      | Reached XP level 1. HP: 10/10 MP: 6/6
   128 | D:1      | Reached XP level 2. HP: 15/15 MP: 3/8
   274 | D:1      | Reached skill level 4 in Spellcasting
   622 | D:1      | Reached XP level 3. HP: 19/19 MP: 6/10
  1111 | D:2      | Learned a level 2 spell: Searing Ray
  1275 | D:2      | Noticed Terence
  1288 | D:2      | Killed Terence
  1289 | D:2      | Reached skill level 5 in Spellcasting
  1289 | D:2      | Reached skill level 5 in Conjurations
  1289 | D:2      | Reached XP level 4. HP: 24/24 MP: 7/13
  1887 | D:3      | Noticed Robin
  1991 | D:2      | Learned a level 4 spell: Iskenderun's Mystic Blast
  1998 | D:3      | Killed Robin
  2269 | D:3      | Reached skill level 1 in Translocations
  2271 | D:3      | Reached XP level 5. HP: 28/28 MP: 6/15
  2870 | D:4      | Noticed a phantom
  2879 | D:4      | Reached skill level 6 in Spellcasting
  2881 | D:4      | Killed a phantom
  3119 | D:4      | Reached XP level 6. HP: 32/32 MP: 13/17
  3208 | D:4      | Noticed Pikel
  3577 | D:4      | Killed Pikel
  3578 | D:4      | Reached skill level 8 in Spellcasting
  3578 | D:4      | Reached XP level 7. HP: 36/36 MP: 1/20
  3852 | D:4      | Noticed Grinder
  3861 | D:4      | Killed Grinder
  4061 | D:4      | Found a glowing golden altar of the Shining One.
  4072 | D:4      | Identified the +0 pair of gloves "Net Ygolu" {+Inv rC-
                  | Str+9 Dex+2}
  4180 | D:4      | Identified the +10 short sword of Lirye {flame, Will+++
                  | Str+5 Int-3}
  4262 | D:4      | Found a sacrificial altar of Ru.
  4366 | D:4      | Found a runed translucent door.
  4367 | D:4      | Noticed Crazy Yiuf
  4492 | D:4      | Killed Crazy Yiuf
  4566 | D:5      | Entered Level 5 of the Dungeon
  4574 | D:5      | Reached skill level 9 in Spellcasting
  4579 | D:5      | Reached XP level 8. HP: 35/41 MP: 8/23
  5060 | D:5      | Found a basalt altar of Yredelemnul.
  5574 | D:5      | Found a blossoming altar of Fedhas.
  5574 | D:5      | Found a shadowy altar of Dithmenos.
  6137 | D:5      | Learned a level 4 spell: Fulminant Prism
  6219 | D:6      | Reached skill level 10 in Spellcasting
  6356 | D:6      | Found a glowing drain.
  6417 | Sewer    | Entered a sewer
  7013 | D:6      | Found a radiant altar of Vehumet.
  7027 | D:6      | Became a worshipper of Vehumet
  7360 | D:7      | Found a staircase to the Ecumenical Temple.
  7369 | D:7      | Reached skill level 11 in Spellcasting
  7375 | D:7      | Noticed Menkaure
  7386 | D:7      | Killed Menkaure
  7387 | D:7      | Reached XP level 9. HP: 24/45 MP: 6/26
  7853 | D:7      | Reached skill level 10 in Conjurations
  8092 | D:7      | Found a shimmering altar of Xom.
  8510 | D:8      | Found a transporter.
  8510 | D:8      | Noticed bgiannan's ghost (novice HOFi)
  8513 | D:8      | Found a transporter.
  8554 | D:8      | Found a flagged portal.
  8562 | D:8      | Reached skill level 12 in Spellcasting
  8567 | D:8      | Identified the +11 spear "Umodips" {vorpal, Drain rPois rN+
                  | SInv}
  8589 | Bailey   | Entered a bailey
  8648 | Bailey   | Reached * piety under Vehumet
  8648 | Bailey   | Offered knowledge of Foxfire by Vehumet.
  9620 | Bailey   | Reached skill level 13 in Spellcasting
  9934 | Bailey   | Noticed an orc knight
 10036 | Bailey   | Killed an orc knight
 10037 | Bailey   | Reached XP level 10. HP: 50/50 MP: 3/29
 10040 | Bailey   | Acquired a staff of conjuration
 10042 | Bailey   | Acquired a +2 kite shield of protection
 10050 | Bailey   | Acquired the ring "Acyajuisk" {rPois MP+9 Str+4 Int+3}
 10381 | D:8      | Found a bloodstained altar of Trog.
 10381 | D:8      | Found an ancient bone altar of Kikubaaqudgha.
 10441 | D:8      | Reached skill level 1 in Shields
 10597 | D:8      | Found a burning altar of Makhleb.
 10824 | D:8      | Offered knowledge of Freeze by Vehumet.
 10841 | D:8      | Reached ** piety under Vehumet
 11602 | D:8      | Killed bgiannan's ghost
 11603 | D:8      | Reached skill level 14 in Spellcasting
 11798 | D:8      | Found a glowing silver altar of Zin.
 11950 | D:9      | Noticed Psyche
 11967 | D:9      | Killed Psyche
 12099 | D:9      | Reached skill level 5 in Shields
 12229 | D:9      | Found a staircase to the Lair.
 12395 | D:9      | Noticed Joseph
 12407 | D:9      | Killed Joseph
 13185 | D:10     | Entered Level 10 of the Dungeon
 13297 | D:10     | Hit by a boomerang thrown by an orc warrior

Illustrated notes

Levels and vault maps discovered:
D:1:      amcnicky_arrival_single_pillar, layout_rooms
D:2:      layout_basic, uniq_terence
D:3:      layout_rooms, uniq_robin
D:4:      layout_basic, nicolae_ru_path_of_blood,
          nicolae_overflow_hidden_temple, uniq_pikel, uniq_crazy_yiuf_cottage,
          uniq_grinder
D:5:      layout_basic, gammafunk_temple_overflow_elements,
          kennysheep_little_box, kennysheep_generic_room_10
D:6:      layout_basic, mainiacjoe_overflow_six_doors_small,
          cheibrodos_sewer_entry_sluice
D:7:      layout_loops_ring, xom_teletrap_fun, minmay_temple_entry_slanted,
          chequers_serial_rivers_micro_c, uniq_menkaure
D:8:      layout_rooms, mainiacjoe_overflow_24_doors, zin_treasury,
          gammafunk_temple_overflow_wave, gammafunk_ghost_hive, enter_bailey_2,
          lemuel_old_faithful
D:9:      layout_layer_cave, dpeg_oklobed_lair, uniq_psyche, uniq_joseph
D:10:     minmay_cornered_nines, layout_basic, serial_corexii_hall,
          corexii_hall_statues_x, corexii_hall_statues_l, special_room
          [special_room_orc]

Skill      XL: |  1  2  3  4  5  6  7  8  9 10 |
---------------+-------------------------------+-----
Spellcasting   | 4 5 6 8 9 11 13 14 | 14.9
Conjurations   | 5 7 9 11 12 | 12.8
Translocations | 1 2 3 |  3.0
Shields        | 5 |  5.8
Dodging        | |  2.4
Stealth        | |  2.4

Action                   |  1- 3 |  4- 6 |  7- 9 | 10-12 || total
-------------------------+-------+-------+-------+-------++-------
Melee: Spear             |       |       |       |     3 ||     3
Throw: Dart              |       |     6 |       |       ||     6
 Cast: Magic Dart        |    74 |    75 |   121 |    43 ||   313
       Searing Ray       |     3 |    20 |    68 |    40 ||   131
       Iskenderun's Myst |       |     3 |    34 |    61 ||    98
       Fulminant Prism   |       |       |    22 |     4 ||    26
  Use: Scroll            |       |     7 |     2 |     3 ||    12
Armor: Robe              |     4 |     6 |    11 |    10 ||    31
Dodge: Dodged            |     4 |    19 |    50 |    12 ||    85
Block: Kite shield       |       |       |       |    17 ||    17

Table legend: (Time is in decaauts)
 A = Elapsed time spent in this place.
 B = Non-inter-level travel time spent in this place.
 C = Inter-level travel time spent in this place.
 D = Time resting spent in this place.
 E = Time spent auto-exploring this place.
 F = Levels seen in this place.
 G = Mean time per level.
                   A        B        C        D        E       F      G
               +--------+--------+--------+--------+--------+-----+--------+
         Total |  13306 |  13118 |    188 |   1814 |   8731 |  12 | 1108.8 |
       Dungeon |  11356 |  11168 |    188 |   1314 |   7853 |  10 | 1135.6 |
         Sewer |    255 |    255 |      0 |      0 |    178 |   1 |  255.0 |
        Bailey |   1694 |   1694 |      0 |    500 |    699 |   1 | 1694.0 |
               +--------+--------+--------+--------+--------+-----+--------+

Top non-repeatable levels by time:
     D:8: 1717 daAuts
  Bailey: 1694 daAuts
     D:4: 1662 daAuts
     D:5: 1422 daAuts
     D:9: 1282 daAuts
     D:6: 1099 daAuts
     D:1: 1079 daAuts
     D:7: 1007 daAuts
     D:2: 999 daAuts
     D:3: 973 daAuts
   Sewer: 255 daAuts
    D:10: 111 daAuts
